 Dungeon Crawl Stone Soup version 0.21.1-1-g345015f (webtiles) character file.

103 Fang the Skirmisher (level 4, 0/29 HPs)
             Began as a Gargoyle Berserker on May 24, 2018.
             Was a Believer of Trog.
             Splashed by Ijyb's acid (11 damage)
             ... on level 3 of the Dungeon on May 25, 2018.
             The game lasted 00:04:56 (1935 turns).

Fang the Skirmisher (Gargoyle Berserker)            Turns: 1935, Time: 00:04:58

Health: 0/29       AC:  5    Str: 22    XL:     4   Next: 79%
Magic:  4/4        EV: 12    Int:  9    God:    Trog [**....]
Gold:   135        SH:  0    Dex:  7    Spells: 3/3 levels left

rFire    . . .     SeeInvis .   a - +0 hand axe
rCold    . . .     Gourm    .   (no shield)
rNeg     + . .     Faith    .   b - +0 animal skin
rPois    ∞         Spirit   .   (no helmet)
rElec    +         Reflect  .   (no cloak)
rCorr    .         Harm     .   (no gloves)
MR       .....                  (no boots)
Stlth    +.........             (no amulet)
HPRegen  0.09/turn              d - -2 ring of dexterity (curse)
MPRegen  0.09/turn              e - +2 ring of intelligence

@: no status effects
A: negative energy resistance 1, electricity resistance, unbreathing,
petrification resistance, rot immunity, AC +3
a: Berserk, Trog's Hand, Burn Spellbooks, Renounce Religion


You were on level 3 of the Dungeon.
You worshipped Trog.
Trog was pleased with you.
You were hungry.

You visited 1 branch of the dungeon, and saw 3 of its levels.

You collected 135 gold pieces.

Inventory:

Hand Weapons
 a - a +0 hand axe (weapon)
Armour
 b - a +0 animal skin (worn)
Jewellery
 d - a cursed -2 ring of dexterity (left hand)
 e - a +2 ring of intelligence (right hand)
Wands
 m - a wand of random effects (16)
Scrolls
 f - 3 scrolls of identify {unknown}
 k - 2 scrolls of remove curse {unknown}
 l - a scroll of teleportation {unknown}
 n - a scroll of fog {unknown}
Potions
 g - a potion of heal wounds {unknown}
 h - a potion of mutation {unknown}
 i - a potion of agility {unknown}
 j - a potion of brilliance {unknown}
 o - a potion of curing {unknown}
 p - a potion of haste {unknown}
Comestibles
 c - 4 rations


   Skills:
 + Level 4.2 Fighting
 + Level 4.0 Axes
 + Level 2.3 Armour
 + Level 1.9 Dodging


You had 3 spell levels left.
You didn't know any spells.

Dungeon Overview and Level Annotations

Branches:
Dungeon (3/15)

Altars:

Annotations:
D:3 Ijyb


Innate Abilities, Weirdness & Mutations

You are resistant to torment.
Your stone body is resilient. (AC +3)
You are immune to poison.
You resist negative energy. (rN+)
You are resistant to electric shocks. (rElec)
You can survive without breathing.
You are immune to petrification.
You are immune to rotting.


Message History

Found 25 gold pieces.
A rat is nearby!
Ijyb the Twisted Goblin comes into view.
She is wielding a club.
Ijyb shouts!
The rat bites you but does no damage.
You hit the rat but do no damage.
The rat twitches its whiskers.
The rat bites you but does no damage.
Ijyb screams, "Die!"
A kobold comes into view.
You barely miss the rat.
The kobold shouts!
The rat barely misses you. The rat completely misses you.
You hit the rat.
You kill the rat!
Trog accepts your kill.
Ijyb zaps a wand.
The bolt of acid hits you!
Ouch! That really hurt!
You are splashed with acid!
The acid burns!
You die...

#. #. ##.. #.$ #
#[. #. #.# #.. #†#
# .#...##@##.#.#
..K$g........#
....###.##########
.# #..........#
##########.# #.#
#.# #.# #†#


You could see Ijyb and a kobold.

Vanquished Creatures
  3 adders
  2 oozes (D:2)
  A worm (D:2)
  2 dart slugs (D:1)
  5 leopard geckos
  2 ball pythons
  A giant cockroach (D:1)
  3 goblins
  8 hobgoblins
  3 jackals (D:2)
  5 bats
  3 frilled lizards
  10 kobolds
  7 rats
55 creatures vanquished.

Notes
Turn   | Place    | Note
-------+----------+-------------------------------------------
     0 | D:1      | Fang the Gargoyle Berserker began the quest for the Orb.
     0 | D:1      | Reached XP level 1. HP: 14/14 MP: 1/1
   312 | D:1      | Reached XP level 2. HP: 18/19 MP: 2/2
   749 | D:1      | Reached XP level 3. HP: 14/24 MP: 3/3
  1059 | D:2      | Reached ** piety under Trog
  1157 | D:2      | Reached XP level 4. HP: 24/29 MP: 4/4
  1931 | D:3      | Noticed Ijyb
  1935 | D:3      | Splashed by Ijyb's acid

Skill      XL: |  1  2  3  4 |
---------------+-------------+-----
Axes           | 3 4 |  4.0
Fighting       | 4 |  4.2
Armour         | |  2.3
Dodging        | |  1.9

Action                   |  1- 3 |  4- 6 || total
-------------------------+-------+-------++-------
Melee: Hand axe          |   120 |    70 ||   190
  Eat: Chunk             |     1 |     2 ||     3
Armor: Animal skin       |    45 |    17 ||    62
Dodge: Dodged            |    84 |    43 ||   127
